 Dungeon Crawl Stone Soup version 0.23-a0-358-g98c7a59 (webtiles) character file.

29 galech the Skirmisher (level 3, 29/29 HPs)
             Began as a Demonspawn Fighter on Oct 22, 2018.
             Quit the game on level 1 of the Dungeon.
             The game lasted 00:00:37 (459 turns).

galech the Skirmisher (Demonspawn Fighter)           Turns: 459, Time: 00:00:38

Health: 29/29      AC:  6    Str: 16    XL:     3   Next: 1%
Magic:  3/3        EV:  7    Int:  9    God:
Gold:   72         SH:  8    Dex: 13    Spells: 2/2 levels left

rFire    . . .     SeeInvis .   a - +0 war axe
rCold    . . .     Gourm    .   c - +0 shield
rNeg     . . .     Faith    .   b - +0 scale mail
rPois    .         Spirit   .   (no helmet)
rElec    .         Reflect  .   (no cloak)
rCorr    .         Harm     .   (no gloves)
MR       .....                  (no boots)
Stlth    ..........             (no amulet)
HPRegen  0.09/turn              (no ring)
MPRegen  0.08/turn              (no ring)

@: no status effects
A: hooves 1, spiny 1
a: no special abilities


You were on level 1 of the Dungeon.
You were not hungry.

You visited 1 branch of the dungeon, and saw 1 of its levels.

You collected 72 gold pieces.

Inventory:

Hand Weapons
 a - a +0 war axe (weapon)
Armour
 b - a +0 scale mail (worn)
 c - a +0 shield (worn)
Scrolls
 e - a scroll of immolation {unknown}
 i - a scroll of amnesia {unknown}
 j - a scroll of identify {unknown}
Potions
 d - a potion of might
 h - 2 potions of degeneration {unknown}
 k - a potion of curing {unknown}
Comestibles
 f - 2 rations
 g - a chunk of flesh


   Skills:
 + Level 3.4 Fighting
 + Level 2.0 Axes
 + Level 3.2 Armour
 + Level 0.3 Dodging
 + Level 2.7 Shields


You had 2 spell levels left.
You didn't know any spells.
Your spell library was empty.

Dungeon Overview and Level Annotations

Branches:
Dungeon (1/15)

Altars:


Innate Abilities, Weirdness & Mutations

You have large cloven feet.
You are partially covered in sharp spines.


Message History

There isn't anything here!
You see here a frilled lizard corpse.
You butcher the frilled lizard corpse.
g - 2 chunks of flesh (gained 1)
You see here a frilled lizard skeleton.
Some of the chunks of flesh in your inventory have rotted away.
Found a leather armour.
You open the door.
There is an open door here.
k - a fuming cyan potion A bat comes into view.
You block the bat's attack.
You slash the bat!
You kill the bat!
You have reached level 3!
Your experience leads to an increase in your attributes!
Increase (S)trength, (I)ntelligence, or (D)exterity?
You feel agile.
Your demonic ancestry asserts itself...
Sharp spines emerge from parts of your body.
Are you sure you want to abandon this character and quit the game? (Confirm

#....#.#..>#
#.#
######.#.#.#
#.#
.......#.#.#
#.#
########.#.#
#.# ..#.#
#.# #. #.#
#.# #.# #@#
#.# #.# #.#
#.# #.# #..
#.#


There were no monsters in sight!

Vanquished Creatures
  An ooze (D:1)
  A dart slug (D:1)
  3 bats (D:1)
  3 goblins (D:1)
  3 hobgoblins (D:1)
  4 jackals (D:1)
  2 frilled lizards (D:1)
  2 kobolds (D:1)
  2 rats (D:1)
21 creatures vanquished.

Notes
Turn   | Place    | Note
-------+----------+-------------------------------------------
     0 | D:1      | galech the Demonspawn Fighter began the quest for the Orb.
     0 | D:1      | Reached XP level 1. HP: 18/18 MP: 1/1
    71 | D:1      | Gained mutation: You have large cloven feet. [demonic
                  | ancestry]
    71 | D:1      | Reached XP level 2. HP: 20/24 MP: 2/2
   458 | D:1      | Gained mutation: You are partially covered in sharp spines.
                  | [demonic ancestry]
   458 | D:1      | Reached XP level 3. HP: 29/29 MP: 3/3
   459 | D:1      | Quit the game

Vault maps used:
D:1:      elethiomel_arrival_quiet

Skill      XL: |  1  2 |
---------------+-------+-----
Armour         | 3 |  3.2
Axes           | 2 |  2.0
Fighting       | |  3.4
Dodging        | |  0.3
Shields        | |  2.7

Action                   || total
-------------------------++-------
Melee: War axe           ||    47
       Kick              ||     8
Armor: Scale mail        ||    33
Dodge: Dodged            ||    24
Block: Shield            ||    31

Table legend:
 A = Non-vault XP
 B = Vault XP
 C = Vault XP percentage of total XP
 D = Non-vault monster count
 E = Vault monster count
 F = Vault count percentage of total count
                 A         B        C        D         E       F
            +---------+---------+-------+---------+---------+-------
      Total |      42 |       0 |   0.0 |      21 |       0 |   0.0
            +---------+---------+-------+---------+---------+-------
        D:1 |      42 |       0 |   0.0 |      21 |       0 |   0.0
            +---------+---------+-------+---------+---------+-------
